 Seeded DCSS version 0.28-a0-450-gd8b2e6d (webtiles) character file.

Game seed: 5798602977109637827 (custom seed)

2546 edsrzf the Basher (level 9, -10/75 HPs)
             Began as a Naga Abyssal Knight on Sept 12, 2021.
             Was a Priest of Lugonu.
             Mangled by Joseph (11 damage)
             ... on level 7 of the Dungeon.
             The game lasted 00:18:09 (8794 turns).

edsrzf the Basher (Naga Abyssal Knight)             Turns: 8794, Time: 00:18:10

Health: -10/75     AC:  5    Str: 15    XL:     9   Next: 55%
Magic:  10/10      EV: 13    Int: 16    God:    Lugonu [***...]
Gold:   162        SH:  0    Dex: 10    Spells: 8/8 levels left

rFire   . . .      SeeInvis +   a - +1 morningstar (elec)
rCold   + . .      Faith    .   (no shield)
rNeg    . . .      Spirit   .   b - +1 leather armour
rPois   +          Reflect  .   (no helmet)
rElec   .          Harm     .   (no cloak)
rCorr   .          Rampage  .   (no gloves)
Will    .....                   (no barding)
Stlth   +.........              (no amulet)
HPRegen 0.22/turn               l - ring of protection from cold
MPRegen 0.12/turn               p - +4 ring of evasion

@: weak-willed, very slow
A: AC +3, large, see invisible, deformed body, poison resistance, slowness 2,
spit poison 1, naga tail 1
a: Spit Poison, Renounce Religion, Depart the Abyss, Bend Space, Banish


You were on level 7 of the Dungeon.
You worshipped Lugonu.
Lugonu was most pleased with you.
You visited 1 branch of the dungeon, and saw 7 of its levels.
You visited the Abyss 1 time.

You collected 162 gold pieces.

Inventory:

Hand Weapons
 a - a +1 morningstar of electrocution (weapon)
Missiles
 g - 48 poisoned darts
 r - 5 javelins
Armour
 b - a +1 leather armour (worn)
Jewellery
 d - an amulet of faith {!P}
 f - a +6 ring of dexterity
 l - a ring of protection from cold (left hand)
 p - a +4 ring of evasion (right hand)
Wands
 e - a wand of iceblast (11)
 h - a wand of flame (10)
Scrolls
 i - 2 scrolls of identify
 n - a scroll of magic mapping
 w - a scroll of fog
Potions
 m - 2 potions of brilliance
 q - 2 potions of flight
 s - a potion of mutation {!q}
 v - a potion of lignification


   Skills:
 - Level 3.0 Fighting
 + Level 12.4 Maces & Flails
 - Level 1.5 Armour
 - Level 0.7 Dodging
 - Level 2.0 Invocations


You had 8 spell levels left.
You didn't know any spells.
Your spell library contained the following spells:

 Spells                   Type           Power      Damage    Failure   Level
 Pain                     Necr           0%         1d4       30%         1
 Static Discharge         Conj/Air       0%         N/A       43%         2
 Dispel Undead            Necr           0%         3d6       97%         4
 Sticky Flame             Conj/Fire      0%         2d3       97%         4
 Agony                    Necr           0%         N/A       100%        5
 Excruciating Wounds      Necr           0%         N/A       100%        5
 Freezing Cloud           Conj/Ice/Air   0%         6-21      100%        5
 Iskenderun's Battlesphe  Conj           0%         2d6       100%        5
 Iron Shot                Conj/Erth      0%         9d1       100%        6
 Simulacrum               Ice/Necr       0%         N/A       100%        6
 Spellforged Servitor     Conj/Summ      0%         N/A       100%        7
 Polar Vortex             Ice            0%         N/A       100%        9


Dungeon Overview and Level Annotations

Branches:
Dungeon (7/15)             Temple (0/1) D:6

Altars:
Gozag

Shops:
D:2 =

Annotations:
D:7 Joseph


Innate Abilities, Weirdness & Mutations

Your serpentine skin is tough. (AC +3)
You have supernaturally acute eyesight. (SInv)
Armour fits poorly on your strangely shaped body.
Your system is resistant to poisons. (rPois)
You cover ground very slowly.
You can spit poison.
You have a snake-like lower body.


Message History

You kill the sky beast!
Lugonu accepts your kill.
You see here a +0 giant club.
You enter the shallow water.
Moving in this stuff is going to be slow.
Done exploring.
Done exploring.
(D) Dungeon (T) Temple
Where to? (Enter - D:6 @ (x,y), ? - help)
Things that are here:
a +0 club; a +0 dagger of venom; a +0 short sword
Things that are here:
a +0 short sword; 2 stones
There is a stone staircase leading down here.
You climb downwards.
Joseph shouts!
There is a stone staircase leading up here.
Joseph is nearby!
Okay, then.
Joseph unwields a +1 vorpal quarterstaff.
Joseph wields a +0 hunting sling.
Joseph shoots a sling bullet.
The sling bullet completely misses you.
Okay, then.
Joseph shoots a sling bullet.
The sling bullet barely misses you.
A centaur warrior zombie comes into view.
Found a robe.
Joseph shoots a sling bullet.
The sling bullet barely misses you.
You puncture Joseph!
Joseph is lightly wounded.
You puncture Joseph! Lightning courses through Joseph!!
Joseph is heavily wounded.
Joseph unwields a +0 hunting sling.
Joseph wields a +1 vorpal quarterstaff.
Joseph hits you with a +1 vorpal quarterstaff!!
You closely miss Joseph.
Joseph is heavily wounded.
The centaur warrior zombie closely misses you.
The centaur warrior zombie kicks you but does no damage.
Joseph hits you with a +1 vorpal quarterstaff!!
Okay, then.
As you read the scroll labelled VOYPUO JUGEPN, it crumbles to dust.
It is a scroll of enchant armour.
Your +0 leather armour glows green for a moment.
The centaur warrior zombie hits you but does no damage.
The centaur warrior zombie closely misses you.
Joseph closely misses you.
The centaur warrior zombie hits you but does no damage.
The centaur warrior zombie closely misses you.
As you read the scroll labelled YTRIATOUWI, it crumbles to dust.
You feel aware of your surroundings.
You sensed 1 altar, and 1 shop/portal.
It was a scroll of magic mapping.
The centaur warrior zombie completely misses you.
The centaur warrior zombie kicks you. Joseph closely misses you.
As you read the scroll labelled NEEPROUPS TIOB, it crumbles to dust.
Magic quickly surges around you.
It was a scroll of vulnerability.
The centaur warrior zombie hits you but does no damage.
The centaur warrior zombie barely misses you.
Joseph hits you with a +1 vorpal quarterstaff!
* * * LOW HITPOINT WARNING * * *
x2
As you read the scroll labelled OTOPNUDU EWOVI, it crumbles to dust.
It is a scroll of amnesia.
You feel forgetful for a moment. The centaur warrior zombie hits you.
* * * LOW HITPOINT WARNING * * *
The centaur warrior zombie closely misses you.
Joseph barely misses you. The centaur warrior zombie hits you.
* * * LOW HITPOINT WARNING * * *
The centaur warrior zombie kicks you but does no damage.
You feel much better.
The centaur warrior zombie hits you but does no damage.
The centaur warrior zombie misses you.
Joseph hits you with a +1 vorpal quarterstaff!
* * * LOW HITPOINT WARNING * * *
x2
As you read the scroll labelled UWIYNE BYPORYO, it crumbles to dust.
You hear a loud clanging noise!
It was a scroll of noise.
You hear a shout! x7
Something shouts, "Quail, thou mewling fob-snatching flim-flammer!"
You hear a shout! x2
The centaur warrior zombie barely misses you.
The centaur warrior zombie kicks you but does no damage.
Joseph hits you with a +1 vorpal quarterstaff!
* * * LOW HITPOINT WARNING * * *
x2
Okay, then.
Okay, then.
As you read the scroll labelled ROHUYMUIGU, it crumbles to dust.
It is a scroll of enchant weapon.
Your +0 morningstar of electrocution glows red for a moment.
The centaur warrior zombie hits you.
* * * LOW HITPOINT WARNING * * *
The centaur warrior zombie kicks you.
* * * LOW HITPOINT WARNING * * *
Joseph barely misses you.
The centaur warrior zombie hits you but does no damage.
The centaur warrior zombie kicks you but does no damage.
This is a scroll of acquirement!
You see here a manual of Axes.
Something appears before you!
A gnoll comes into view. It is wielding a +0 club.
An orc comes into view. It is wielding a +0 hand axe.
The centaur warrior zombie hits you but does no damage.
The centaur warrior zombie closely misses you.
Joseph hits you with a +1 vorpal quarterstaff!
You die...

*,,,,,,*,,,,,<,,,,,,
**#o...,,..,,,,***,,
#...,,...,,,,,**,,
######..###...,*,,,,,,,
##...##.......[,,,,,,,,,
##...........#.#*,**,,,,*
#..............#*,,,,*,,,
#........Z...g.#*,,***,,,
#.......@@...#,**,,,,,,,,
##...<......##,,,,****,,,
##...#....##*,,,,,***,,*
#####..### *,*,*,,*,,,,
#..# *,,,,*,,,,,*
**#..#** *,,,,*,,,,,*
*,....,* *,,,,,,,**,*
*,.....* *,,,,,,***,,
*,,,,,,***,,,,,** ***


You could see Joseph (weak-willed), a gnoll, an orc and a centaur warrior zombie
(weak-willed).

Vanquished Creatures
  Pikel (D:4)
  Eustachio (D:5)
  A steam dragon (D:4)
  Duvessa (D:6)
  3 sky beasts (D:6)
  A hornet zombie (D:6)
  A necrophage (D:5)
  2 ogres
  A centaur (D:5)
  A kobold brigand (D:6)
  A lemure (D:4)
  A scorpion (D:4)
  A bullfrog (D:6)
  Dowan (D:6)
  A water moccasin skeleton (D:4)
  An electric eel (D:6)
  A howler monkey (D:5)
  A bullfrog zombie (D:5)
  A centaur zombie (D:5)
  3 jellies
  2 hounds
  A gnoll shaman (D:5)
  A centaur skeleton (D:5)
  2 bullfrog skeletons (D:6)
  Terence (D:3)
  An iguana (D:4)
  2 orc wizards (D:4)
  A killer bee zombie (D:6)
  7 gnolls (D:5)
  A howler monkey skeleton (D:4)
  2 adders
  A white imp (D:5)
  2 ufetubi
  A worm (D:3)
  2 dart slugs
  8 orcs
  5 ball pythons
  8 endoplasms
  4 giant cockroaches
  7 goblins
  9 hobgoblins
  10 jackals
  9 kobolds
  3 quokkas
  3 bats
  4 frilled lizards
  4 rats
126 creatures vanquished.

Vanquished Creatures (others)
  21 plants
21 creatures vanquished.

Grand Total: 147 creatures vanquished

Notes
Turn   | Place    | Note
-------+----------+-------------------------------------------
     0 | Abyss:1  | edsrzf the Naga Abyssal Knight began the quest for the Orb.
     0 | Abyss:1  | Reached XP level 1. HP: 21/21 MP: 2/2
    15 | D:1      | Escaped the Abyss
   296 | D:1      | Reached XP level 2. HP: 28/28 MP: 3/3
   357 | D:1      | Reached skill level 3 in Maces & Flails
   600 | D:1      | Found a faded altar of an unknown god.
   677 | D:1      | Reached XP level 3. HP: 34/34 MP: 4/4
   940 | D:1      | Reached ** piety under Lugonu
  1138 | D:2      | Identified 2 potions of curing
  1458 | D:2      | Reached skill level 4 in Maces & Flails
  1651 | D:2      | Found Qipemagg's Jewellery Shoppe.
  1807 | D:2      | Reached XP level 4. HP: 41/42 MP: 5/5
  2761 | D:3      | Noticed Terence
  2772 | D:3      | Killed Terence
  2773 | D:3      | Reached skill level 5 in Maces & Flails
  2773 | D:3      | Reached XP level 5. HP: 38/49 MP: 6/6
  2991 | D:3      | Found an opulent altar of Gozag.
  2992 | D:3      | Found an opulent altar of Gozag.
  3000 | D:3      | Found an opulent altar of Gozag.
  3036 | D:3      | Found an opulent altar of Gozag.
  3358 | D:4      | Noticed an ogre
  3364 | D:4      | Identified 3 scrolls of identify
  3364 | D:4      | Identified 2 potions of brilliance
  3365 | D:4      | Identified a scroll of fog
  3366 | D:4      | Identified a scroll of silence
  3367 | D:4      | Identified a potion of magic
  3368 | D:4      | Identified a potion of might
  3369 | D:4      | Killed an ogre
  3371 | D:4      | Reached *** piety under Lugonu
  3372 | D:4      | Reached skill level 6 in Maces & Flails
  3482 | D:4      | Noticed a steam dragon
  3483 | D:4      | Identified a scroll of teleportation
  3631 | D:4      | Identified a potion of degeneration
  3632 | D:4      | Identified a potion of flight
  3657 | D:4      | Reached XP level 6. HP: 34/56 MP: 7/7
  3971 | D:4      | Reached skill level 7 in Maces & Flails
  3979 | D:4      | Noticed Pikel
  3990 | D:4      | Killed Pikel
  3991 | D:4      | Reached skill level 8 in Maces & Flails
  3991 | D:4      | Reached XP level 7. HP: 24/62 MP: 8/8
  4356 | D:4      | Reached skill level 9 in Maces & Flails
  4356 | D:4      | Reached XP level 8. HP: 35/69 MP: 9/9
  5037 | D:5      | Entered Level 5 of the Dungeon
  5135 | D:5      | Identified 2 potions of heal wounds
  5157 | D:5      | Noticed Eustachio
  5334 | D:5      | Identified a potion of mutation
  5366 | D:5      | Reached skill level 10 in Maces & Flails
  5906 | D:5      | Killed Eustachio
  5984 | D:5      | Reached skill level 11 in Maces & Flails
  6072 | D:5      | Reached XP level 9. HP: 35/75 MP: 10/10
  6728 | D:6      | Noticed Duvessa
  6728 | D:6      | Noticed Dowan
  7446 | D:6      | Killed Dowan
  7448 | D:6      | Identified a scroll of brand weapon
  7454 | D:6      | Killed Duvessa
  7994 | D:6      | Found a staircase to the Ecumenical Temple.
  7998 | D:6      | Identified a potion of lignification
  8033 | D:6      | Reached skill level 12 in Maces & Flails
  8211 | D:6      | Reached **** piety under Lugonu
  8780 | D:7      | Noticed Joseph
  8787 | D:7      | Identified a scroll of enchant armour
  8788 | D:7      | Identified 2 scrolls of magic mapping
  8789 | D:7      | Identified a scroll of vulnerability
  8790 | D:7      | Identified a scroll of amnesia
  8792 | D:7      | Identified a scroll of noise
  8793 | D:7      | Identified a scroll of enchant weapon
  8793 | D:7      | HP: 2/75 [centaur warrior zombie (2)]
  8794 | D:7      | Identified a scroll of acquirement
  8794 | D:7      | Acquired a manual of Axes
  8794 | D:7      | Mangled by Joseph

Illustrated notes

Levels and vault maps discovered:
D:1:      onia_arrival_mini_spirals, layout_loops_ring,
          chequers_ecumenical_altar_simple_redux
D:2:      minmay_spotlight, layout_rooms, serial_shops, shop,
          kennysheep_generic_room_15
D:3:      corexii_shack_village, layout_basic,
          nicolae_gozag_conspicuous_consumption, uniq_terence
D:4:      layout_loops_cross, hangedman_abyss_or_decor_passed,
          minmay_small_thing, uniq_pikel
D:5:      layout_basic, uniq_eustachio
D:6:      layout_loops_cross, minmay_temple_entry_mini_moons, serial_bayou,
          serial_bayou_pond_d, serial_bayou_shore_b, serial_bayou_pond_c,
          serial_bayou_lagoon_b, serial_bayou_ford_a, grunt_ministairs_7,
          grunt_decor_mini_mirrors, uniq_duvessa
D:7:      layout_rooms, vehumet_crystals, serial_shops, nicolae_square_shop,
          uniq_joseph

Skill      XL: |  1  2  3  4  5  6  7  8  9 |
---------------+----------------------------+-----
Maces & Flails | 3 4 5 6 8 9 11 12 | 12.4
Fighting       | |  3.0
Armour         | |  1.5
Dodging        | |  0.7
Invocations    | |  2.0

Action                   |  1- 3 |  4- 6 |  7- 9 || total
-------------------------+-------+-------+-------++-------
Melee: Mace              |    80 |    32 |       ||   112
       Morningstar       |       |    73 |   217 ||   290
Throw: Dart              |       |       |     7 ||     7
       Javelin           |       |       |     1 ||     1
Invok: Bend Space        |       |       |     4 ||     4
 Abil: Spit Poison       |    22 |    19 |    24 ||    65
Evoke: Wand              |       |       |     9 ||     9
  Use: Potion            |     1 |     2 |     4 ||     7
       Scroll            |       |     6 |    14 ||    20
 Stab: Sleeping          |       |     1 |       ||     1
Armor: Leather armour    |    21 |    22 |    60 ||   103
Dodge: Dodged            |    57 |    62 |   198 ||   317

Table legend: (Time is in decaauts)
 A = Elapsed time spent in this place.
 B = Non-inter-level travel time spent in this place.
 C = Inter-level travel time spent in this place.
 D = Time resting spent in this place.
 E = Time spent auto-exploring this place.
 F = Levels seen in this place.
 G = Mean time per level.
                   A        B        C        D        E       F      G
               +--------+--------+--------+--------+--------+-----+--------+
         Total |  10360 |  10129 |    231 |   4065 |   4782 |   8 | 1295.0 |
       Dungeon |  10340 |  10109 |    231 |   4065 |   4782 |   7 | 1477.1 |
         Abyss |     20 |     20 |      0 |      0 |      0 |   1 |   20.0 |
               +--------+--------+--------+--------+--------+-----+--------+

Top non-repeatable levels by time:
     D:6: 2522 daAuts
     D:4: 1974 daAuts
     D:5: 1761 daAuts
     D:3: 1471 daAuts
     D:1: 1365 daAuts
     D:2: 1231 daAuts
 Abyss:1: 20 daAuts
     D:7: 14 daAuts
